AoeStats
← GladiusDecimus

Golden Pit

509398834Analyzed
1v1 RM · 5d ago on Sep 26, 2026· 52m 36s· 2 players
Game mode
Random Map
Map size
Tiny (2 player)
Population
200
Speed
Normal
Resources
Standard
Victory
Conquest
Starting age
Dark Age
Ending age
Imperial Age
RankedLock teamsTeams togetherTeam positionsShared explorationLock speedFull tech treeHidden civsTurbo modeCheats
Victory
Defeat
🇸🇰 Bohemians · Slovakia
869
+16
🇺🇸 Saxons · United States
860
-16
GladiusDecimus
5:21 Loom
10:35 Feudal Age
11:39 Horse Collar
12:11 Double-Bit Axe
18:03 Castle Age
19:32 Heavy Plow
19:44 Bow Saw
22:44 Town Watch
24:36 Scale Mail Armor
24:47 Forging
25:05 Town Patrol
25:47 Light Cavalry
26:41 Stone Mining
29:17 Wheelbarrow
33:14 Imperial Age
31:20 Arson
31:37 Squires
33:48 Hand Cart
34:18 Iron Casting
35:07 Two-Man Saw
35:19 Fletching
35:29 Padded Archer Armor
35:47 Chain Mail Armor
36:35 Elite Varangian Guard
36:58 Elite Skirmisher
38:08 Conscription
37:46 Bodkin Arrow
39:23 Thumb Ring
40:50 Chemistry
40:01 Masonry
40:04 Shield Wall
40:38 Pikeman
42:53 Halberdier
49:59 Ballistics
52:10 Architecture
Jamailo
7:55 Loom
10:07 Feudal Age
10:37 Double-Bit Axe
11:03 Horse Collar
21:11 Castle Age
21:38 Scale Mail Armor
22:47 Bow Saw
22:39 Heavy Plow
22:37 Fletching
23:34 Scale Barding Armor
26:23 Wheelbarrow
26:28 Bodkin Arrow
26:33 Padded Archer Armor
29:30 Chemistry
29:13 Squires
28:34 Pikeman
29:03 Town Watch
30:46 Husbandry
33:50 Hand Cart
37:27 Imperial Age
35:14 Leather Archer Armor
36:53 Wagenburg Tactics
36:34 Light Cavalry
37:28 Forging
37:50 Chain Mail Armor
38:27 Chain Barding Armor
38:49 Conscription
39:00 Ballistics
39:47 Plate Mail Armor
39:19 Bracer
41:13 Ring Archer Armor
41:20 Iron Casting
41:16 Plate Mail Armor
40:25 Elite Skirmisher
42:29 Two-Man Saw
43:39 Blast Furnace
42:52 Masonry
44:19 Elite Hussite Wagon
45:44 Cavalier
48:06 Houfnice
Connection lost

Rejoining the realm…

Still unreachable

The connection could not be restored.

Session expired

The server has moved on; the page needs a fresh start.